 Dungeon Crawl Stone Soup version 0.25-a0-41-g6cf4ce5 (webtiles) character file.

Game seed: 9905780597570382104, levelgen mode: deterministic

59 BoppinsLewinski the Slasher (level 4, -6/34 HPs)
             Began as a Human Gladiator on Oct 21, 2019.
             Mangled by Sigmund
             ... wielding a +0 scythe
              (10 damage)
             ... on level 2 of the Dungeon.
             The game lasted 00:02:58 (927 turns).

BoppinsLewinski the Slasher (Human Gladiator)        Turns: 927, Time: 00:02:58

Health: -6/34      AC:  9    Str: 13 (16) XL:     4   Next: 22%
Magic:  4/4        EV:  6    Int:  5 (8)  God:
Gold:   93         SH:  0    Dex: 12 (14) Spells: 3/3 levels left

rFire    . . .     SeeInvis .   a - +0 long sword
rCold    . . .     Gourm    .   (no shield)
rNeg     . . .     Faith    .   g - +0 chain mail
rPois    .         Spirit   .   c - +0 helmet
rElec    .         Reflect  .   (no cloak)
rCorr    .         Harm     .   (no gloves)
MR       .....                  (no boots)
Stlth    ..........             (no amulet)
HPRegen  0.11/turn              (no ring)
MPRegen  0.09/turn              (no ring)

@: no status effects
A: no striking features
a: no special abilities


You were on level 2 of the Dungeon.
You were not hungry.

You visited 1 branch of the dungeon, and saw 2 of its levels.

You collected 93 gold pieces.

Inventory:

Hand Weapons
 a - a +0 long sword (weapon)
Armour
 c - a +0 helmet (worn)
 g - a +0 chain mail (worn)
Jewellery
 b - an uncursed ring of wizardry {unknown}
Scrolls
 h - a scroll of teleportation {unknown}
 i - 5 scrolls of identify {unknown}
 j - a scroll of fog {unknown}
 k - a scroll of enchant weapon {unknown}
 l - 5 scrolls of remove curse
 o - 3 scrolls of magic mapping {unknown}
 p - a scroll of amnesia {unknown}
Potions
 n - a potion of magic
Comestibles
 f - 2 rations


   Skills:
 + Level 2.5 Fighting
 * Level 3.8 Long Blades
 - Level 2.0 Throwing
 + Level 1.3 Armour
 + Level 3.3 Dodging


You had 3 spell levels left.
You didn't know any spells.
Your spell library was empty.

Dungeon Overview and Level Annotations

Branches:
Dungeon (2/15)

Altars:
Ashenzari
Uskayaw
Zin

Annotations:
D:2 2 transporters, Sigmund


Message History

Unknown command.
Ye closely miss Sigmund.
Sigmund be moderately wounded.
Sigmund points at ye an' mumbles some strange words.
Ye resist wit' some effort.
Unknown command.
Ye hit Sigmund but do nay damage.
Sigmund be moderately wounded.
Sigmund barely misses ye.
Unknown command.
Ye hit Sigmund.
Sigmund be moderately wounded.
Sigmund casts a spell at ye.
Tha magic dart hits ye.
* * * LOW HITPOINT WARNIN'
* * * Unknown command.
Ye hit Sigmund.
Sigmund be severely wounded.
Sigmund hits ye wit' a +0 scytha!
Ye die...

.......#######....≈≈≈≈≈_≈≈≈≈≈
...................≈≈≈≈♣.≈≈≈≈
..................≈≈≈≈≈≈≈≈≈≈≈
###...#..........≈.≈≈≈≈≈≈≈≈≈(
# ###.............≈≈≈≈≈≈≈≈≈≈.
###..#>........≈.≈≈≈.≈≈≈..≈
##....#.......#.≈≈..≈≈≈.....
##..##.#........##...........
...###.#........@@.....(.....
...# #(#......#.####.........
...# #.#......#..# #.........
..## #.#......##.# #.........
..# #.#......##.###.........
..# #<.......##..###........
..# #........###..#.........
..# #........##...#........>
### #...........###.........


You could see Sigmund.

Vanquished Creatures
  A hound (D:2)
  2 giant cockroaches (D:1)
  2 hobgoblins (D:1)
  8 kobolds
  2 quokkas (D:2)
  3 bats (D:1)
  2 frilled lizards (D:1)
  4 goblins
  5 rats (D:1)
29 creatures vanquished.

Notes
Turn   | Place    | Note
-------+----------+-------------------------------------------
     0 | D:1      | BoppinsLewinski the Human Gladiator began the quest for the
                  | Orb.
     0 | D:1      | Reached XP level 1. HP: 16/16 MP: 1/1
   124 | D:1      | Reached XP level 2. HP: 22/22 MP: 2/2
   314 | D:1      | Reached XP level 3. HP: 25/27 MP: 3/3
   500 | D:2      | Reached skill level 1 in Armour
   500 | D:2      | Reached XP level 4. HP: 32/34 MP: 4/4
   522 | D:2      | Found a transporter.
   531 | D:2      | Found a transporter.
   531 | D:2      | Noticed a bullfrog
   537 | D:2      | Found a shattered altar of Ashenzari.
   537 | D:2      | Found a hide-covered altar of Uskayaw.
   610 | D:2      | Found a faded altar of an unknown god.
   735 | D:2      | Found a glowing silver altar of Zin.
   891 | D:2      | Noticed Sigmund
   927 | D:2      | Mangled by Sigmund

Levels and vault maps discovered:
D:1:      wheals_arrival_linesprint, layout_rooms
D:2:      layout_rooms, lemuel_coloured_pillars_altar,
          gammafunk_temple_overflow_arena, chequers_ecumenical_altar_island,
          serial_aquarium, aquarium_bridge_square [aquarium_subvault_bridge,
          aquarium_subvault_wall, aquarium_subvault_balcony,
          aquarium_subvault_wall], aquarium_bridge_square
          [aquarium_subvault_bridge, aquarium_subvault_bridge,
          aquarium_subvault_bridge, aquarium_subvault_window],
          aquarium_window_1, aquarium_window_corridor_1, aquarium_view_2e,
          roderic_filled_cross, lightli_corner_chamber, uniq_sigmund

Skill      XL: |  1  2  3 |
---------------+----------+-----
Armour         | 1 |  1.3
Fighting       | |  2.5
Long Blades    | |  3.8
Throwing       | |  2.0
Dodging        | |  3.3

Action                   |  1- 3 |  4- 6 || total
-------------------------+-------+-------++-------
Melee: Long sword        |    53 |    27 ||    80
Throw: Throwing net      |       |     3 ||     3
  Use: Potion            |       |     3 ||     3
       Scroll            |       |     1 ||     1
Armor: Scale mail        |    29 |     2 ||    31
       Ring mail         |       |     6 ||     6
       Chain mail        |       |     3 ||     3
Dodge: Dodged            |    42 |    12 ||    54
       Rpst.: Long sword |     6 |     3 ||     9

Table legend:
 A = Non-vault XP
 B = Vault XP
 C = Vault XP percentage of total XP
 D = Non-vault monster count
 E = Vault monster count
 F = Vault count percentage of total count
                 A         B        C        D         E       F
            +---------+---------+-------+---------+---------+-------
      Total |      85 |       0 |   0.0 |      29 |       0 |   0.0
            +---------+---------+-------+---------+---------+-------
        D:1 |      32 |       0 |   0.0 |      22 |       0 |   0.0
        D:2 |      53 |       0 |   0.0 |       7 |       0 |   0.0
            +---------+---------+-------+---------+---------+-------
